 Dungeon Crawl Stone Soup version 0.26.1-11-gd32895ea62 (webtiles) character file.

Game seed: 6412485688924354228

7337 KamiKatze the Destroyer (level 10, -2/74 HPs)
             Began as a Pale Draconian Conjurer on May 28, 2021.
             Was a Priest of Vehumet.
             Slain by a wyvern (7 damage)
             ... while petrified by a basilisk
             ... on level 9 of the Dungeon on May 29, 2021.
             The game lasted 00:38:35 (9695 turns).

KamiKatze the Destroyer (Pale Draconian Conjurer)   Turns: 9695, Time: 00:38:35

Health: -2/74      AC:  9    Str:  9    XL:     10   Next: 90%
Magic:  8/22       EV:  2    Int: 22    God:    Vehumet [***...]
Gold:   719        SH:  0    Dex: 10    Spells: 14/25 levels left

rFire    . . .     SeeInvis .   m - +0 dagger (speed)
rCold    . . .     Faith    .   (no shield)
rNeg     + + +     Spirit   .   (armour unavailable)
rPois    ∞         Reflect  .   (helmet restricted)
rElec    .         Harm     .   u - +0 cloak
rCorr    .         Rampage  .   (no gloves)
Will     .....                  C - +0 pair of boots
Stlth    ++........             (no amulet)
HPRegen  0.22/turn              (no ring)
MPRegen  0.18/turn              (no ring)

@: petrified
A: breathe steam, unfitting armour, cold-blooded, AC +7
a: Breathe Steam, Renounce Religion


You were on level 9 of the Dungeon.
You worshipped Vehumet.
Vehumet was most pleased with you.
You visited 2 branches of the dungeon, and saw 11 of its levels.

You collected 719 gold pieces.

Inventory:

Hand Weapons
 g - a +0 whip
 m - a +0 dagger of speed (weapon)
 y - a +1 whip of freezing
Missiles
 a - 197 stones
 d - 34 poisoned darts (quivered)
Armour
 k - a +0 kite shield
 u - a +0 cloak (worn)
 C - a +0 pair of boots (worn)
Wands
 h - a wand of iceblast (1)
 o - a wand of polymorph (8)
 p - a wand of enslavement (7)
 x - a wand of acid (14)
 B - a wand of flame (12)
Scrolls
 b - 3 scrolls of remove curse
 j - 2 scrolls of fog {unknown}
 r - a scroll of magic mapping {unknown}
 t - 6 scrolls of teleportation {unknown}
 v - 2 scrolls of random uselessness {unknown}
 z - a scroll of blinking {unknown}
 D - 2 scrolls of enchant weapon {unknown}
Potions
 c - 2 potions of attraction
 e - 2 potions of heal wounds
 f - a potion of flight {unknown}
 i - 4 potions of curing
 l - 2 potions of might
 n - 3 potions of haste
 q - a potion of lignification {unknown}
 s - a potion of berserk rage
 w - a potion of ambrosia {unknown}
 A - a potion of resistance {unknown}


   Skills:
 + Level 2.7 Fighting
 + Level 3.3 Dodging
 + Level 4.2 Stealth
 * Level 8.2 Spellcasting
 * Level 9.6 Conjurations
 * Level 6.4 Hexes
 * Level 7.0 Translocations


You had 14 spell levels left.
You knew the following spells:

 Your Spells              Type           Power        Failure   Level
a - Magic Dart            Conj           100%         1%          1
b - Searing Ray           Conj           100%         1%          2
c - Fulminant Prism       Conj/Hex       22%          1%          4
d - Iskenderun's Mystic   Conj/Tloc      45%          1%          4

Your spell library contained the following spells:

 Spells                   Type           Power        Failure   Level
 Inner Flame              Hex/Fire       23%          1%          3
 Blink                    Tloc           N/A          1%          2
 Slow                     Hex            37%          1%          2
 Confusing Touch          Hex            37%          1%          3
 Conjure Flame            Conj/Fire      30%          1%          3
 Dazzling Flash           Conj/Hex       88%          1%          3
 Gell's Gravitas          Tloc           19%          1%          3
 Mephitic Cloud           Conj/Pois/Air  23%          1%          3
 Call Imp                 Summ           9%           11%         2
 Yara's Violent Unravell  Hex/Tmut       11%          14%         5
 Metabolic Englaciation   Hex/Ice        11%          47%         5
 Petrify                  Tmut/Erth      9%           58%         4


Dungeon Overview and Level Annotations

Branches:
Dungeon (10/15)            Temple (1/1) D:5
   Lair: D:8-11         Orc: D:9-12

Altars:
Ashenzari
Cheibriados
Dithmenos
Elyvilon
Fedhas
Gozag
Hepliaklqana
Kikubaaqudgha
Makhleb
Nemelex Xobeh
Okawaru
Qazlal
Ru
Sif Muna
Trog
Uskayaw
Vehumet
Wu Jian
Xom
Yredelemnul
Zin
The Shining One

Annotations:
D:8 3 runed translucent doors, exclusion: 3 doors, RaHiT's ghost, novice DsCK
D:10 Snorg


Innate Abilities, Weirdness & Mutations

You can breathe blasts of scalding, opaque steam.
Your pale cyan-grey scales are hard. (AC +7)
You cannot fit into any form of body armour.
You are cold-blooded and may be slowed by cold attacks.


Message History

The wyvern bites you! The bullfrog hits you. The wyvern bites you.
The bullfrog hits you!
* * * LOW HITPOINT WARNING * * *
The wyvern bites you!
* * * LOW HITPOINT WARNING * * *
The bullfrog hits you but does no damage.
The wyvern bites you!
* * * LOW HITPOINT WARNING * * *
The bullfrog barely misses you. The wyvern bites you!
* * * LOW HITPOINT WARNING * * *
The bullfrog hits you but does no damage.
The wyvern bites you!
* * * LOW HITPOINT WARNING * * *
The bullfrog hits you but does no damage.
The wyvern bites you!
* * * LOW HITPOINT WARNING * * *
The bullfrog hits you but does no damage.
The wyvern bites you!
You die...

##....###.######.# #
#.###.# #.# #.# #.#
#.# #.# #.####
###.###.# #.# #....#
#......####.### ####.#
#.#######.....# #.#
#.# #.....# #.# #.#
#..F..# ###.### #.#
#.@l.)# #.....# #.#
#.....# #.#.#.# #.##
####### #.#.#.# #..#
#.#.#.# ##.# #.....#
#.#############
###.###
#.............# #.#
#..###..#####.# #.#
#..###..#####.######.#


You could see a wyvern and a bullfrog.

Vanquished Creatures
  A two-headed ogre (D:9)
  An unseen horror (D:8)
  Pikel (D:4)
  A troll (D:8)
  A slime creature (D:8)
  A vampire (D:10)
  A wyvern (D:10)
  A basilisk (D:10)
  4 yaks
  A soldier ant (D:8)
  2 water moccasins
  A black bear (D:8)
  2 orc warriors
  An eye of draining (D:8)
  A sky beast (D:9)
  A phantom (D:8)
  A necrophage (D:5)
  4 ogres
  4 centaurs
  2 lemures
  Blork the orc (D:5)
  A big kobold (D:8)
  3 bullfrogs
  A wyvern zombie (D:10)
  A wyvern skeleton (D:6)
  3 scorpions
  A water moccasin skeleton (D:9)
  10 killer bees
  3 wights (D:8)
  5 howler monkeys
  A quasit (D:9)
  6 hounds
  Crazy Yiuf (D:4)
  4 orc priests
  Ijyb (D:3)
  2 bullfrog skeletons
  4 orc wizards
  A gnoll shaman (D:5)
  Natasha (thrice) (D:3)
  8 worker ants
  An iguana (D:8)
  A hound skeleton (D:8)
  A hound zombie (D:7)
  9 gnolls (D:5)
  A howler monkey skeleton (D:9)
  14 adders
  A shadow imp (D:9)
  2 white imps
  An ufetubus (D:8)
  2 oozes
  3 adder skeletons
  3 worms
  4 dart slugs
  3 leopard geckos
  21 orcs
  3 giant cockroaches
  6 goblins
  8 hobgoblins
  4 jackals (D:3)
  14 kobolds
  7 quokkas
  A ball python (D:7)
  11 bats
  2 frilled lizards (D:1)
  2 leopard gecko skeletons
  2 quokka skeletons
  7 rats
226 creatures vanquished.

Vanquished Creatures (others)
  A bush (D:10)
  42 fulminant prisms
  6 fungi (D:10)
  19 plants
68 creatures vanquished.

Grand Total: 294 creatures vanquished

Notes
Turn   | Place    | Note
-------+----------+-------------------------------------------
     0 | D:1      | KamiKatze the Draconian Conjurer began the quest for the
                  | Orb.
     0 | D:1      | Reached XP level 1. HP: 14/14 MP: 3/3
   203 | D:1      | Reached XP level 2. HP: 17/20 MP: 3/5
   206 | D:1      | Learned a level 2 spell: Searing Ray
   781 | D:2      | Reached XP level 3. HP: 24/26 MP: 0/7
   820 | D:2      | Found a hide-covered altar of Uskayaw.
   820 | D:2      | Noticed a +0 hand axe
   820 | D:2      | Noticed a +0 dagger
  1115 | D:2      | Reached XP level 4. HP: 33/33 MP: 2/8
  1421 | D:3      | Found a shadowy altar of Dithmenos.
  1443 | D:3      | Found a hazy altar of Hepliaklqana.
  1443 | D:3      | Found an iron altar of Okawaru.
  1455 | D:3      | Noticed Natasha
  1469 | D:3      | Killed Natasha
  1470 | D:3      | Reached skill level 5 in Conjurations
  1524 | D:3      | Noticed Natasha
  1544 | D:3      | Killed Natasha
  1682 | D:3      | Reached XP level 5. HP: 37/38 MP: 6/10
  1828 | D:3      | Noticed Ijyb
  1834 | D:3      | Killed Ijyb
  1980 | D:3      | Noticed Natasha
  1985 | D:3      | Killed Natasha
  2339 | D:4      | Reached XP level 6. HP: 45/45 MP: 6/12
  2399 | D:4      | Noticed an angel
  2400 | D:4      | Found a glowing silver altar of Zin.
  2432 | D:4      | Noticed a water moccasin
  2441 | D:4      | Killed a water moccasin
  2442 | D:4      | Reached skill level 6 in Conjurations
  2532 | D:3      | Found a shimmering blue altar of Sif Muna.
  2553 | D:4      | Found a runed translucent door.
  2554 | D:4      | Noticed Crazy Yiuf
  2561 | D:4      | Killed Crazy Yiuf
  2796 | D:4      | Learned a level 4 spell: Fulminant Prism
  2801 | D:4      | Learned a level 4 spell: Iskenderun's Mystic Blast
  2976 | D:4      | Noticed Pikel
  3266 | D:4      | Killed Pikel
  3267 | D:4      | Reached skill level 5 in Spellcasting
  3267 | D:4      | Reached skill level 7 in Conjurations
  3267 | D:4      | Your scales start taking on a pale cyan-grey colour.
  3267 | D:4      | Reached XP level 7. HP: 26/50 MP: 5/15
  3591 | D:4      | Reached XP level 8. HP: 57/57 MP: 12/16
  3937 | D:5      | Entered Level 5 of the Dungeon
  4007 | D:5      | Found a staircase to the Ecumenical Temple.
  4014 | Temple   | Entered the Ecumenical Temple
  4284 | Temple   | Became a worshipper of Vehumet
  4809 | D:5      | Reached skill level 1 in Fighting
  4824 | D:5      | Noticed Blork the orc
  4927 | D:5      | Killed Blork the orc
  5201 | D:6      | Reached * piety under Vehumet
  5201 | D:6      | Offered knowledge of Sandblast by Vehumet.
  5360 | D:6      | Reached XP level 9. HP: 67/67 MP: 8/18
  5549 | D:6      | Found a sparkling altar of Nemelex Xobeh.
  6005 | D:7      | Found a burning altar of Makhleb.
  6195 | D:7      | Reached skill level 8 in Conjurations
  6955 | D:8      | Offered knowledge of Freeze by Vehumet.
  6959 | D:8      | Reached ** piety under Vehumet
  7008 | D:8      | Reached skill level 5 in Translocations
  7602 | D:8      | Noticed a troll
  7611 | D:8      | Killed a troll
  7685 | D:8      | Reached skill level 5 in Hexes
  7887 | D:8      | Killed an unseen horror
  7888 | D:8      | Reached XP level 10. HP: 34/73 MP: 2/21
  8069 | D:8      | Found a runed translucent gate.
  8069 | D:8      | Found a runed translucent gate.
  8069 | D:8      | Found a runed translucent gate.
  8219 | D:8      | Reached skill level 9 in Conjurations
  8274 | D:8      | Noticed RaHiT's ghost (novice DsCK)
  8647 | D:9      | Noticed a two-headed ogre
  8666 | D:9      | Killed a two-headed ogre
  8686 | D:9      | Offered knowledge of Inner Flame by Vehumet.
  8765 | D:9      | Found a bloodstained altar of Trog.
  9190 | D:9      | Reached *** piety under Vehumet
  9352 | D:10     | Entered Level 10 of the Dungeon
  9389 | D:10     | Found a blossoming altar of Fedhas.
  9684 | D:10     | Noticed Snorg
  9695 | D:9      | Slain by a wyvern

Illustrated notes

Levels and vault maps discovered:
D:1:      saegor_arrival_simple_b, layout_rooms, st_stairs_1, minmay_octomino_j4
D:2:      layout_basic, dancing_weapons_uskayaw
D:3:      lemuel_upstairs_altar, layout_rooms, grunt_dithmenos_smoke,
          gammafunk_temple_overflow_wave, minmay_misc_feat_columns,
          minmay_splitting_lines, uniq_ijyb, uniq_natasha
D:4:      layout_cave_pods, zin_angel, chequers_serial_rivers_small_a,
          uniq_crazy_yiuf_cottage, uniq_pikel
D:5:      layout_cave_pools, minmay_temple_entry_overgrown, uniq_blork_the_orc
D:6:      layout_cave_pools, nemelex_xobeh_ov_fountains_minmay
D:7:      layout_basic, kennysheep_little_box
D:8:      minmay_bloctagon_deflated, layout_loops_ring, gammafunk_ghost_icy
D:9:      layout_loops_cross, nicolae_overflow_crystal_walls
D:10:     layout_cave_pools, minmay_lair_entry_grove,
          minmay_orc_entry_temple_small, serial_rivers,
          chequers_serial_rivers_room_b, chequers_serial_rivers_small_3,
          chequers_serial_rivers_marsh, chequers_serial_rivers_small_3,
          chequers_serial_rivers_micro_b, serial_shops, kennysheep_mini_moat,
          fedhas_altar_3, uniq_snorg
Temple:   regret_index_temple_generic_petals

Skill      XL: |  1  2  3  4  5  6  7  8  9 10 |
---------------+-------------------------------+-----
Stealth        | 2 4 |  4.2
Dodging        | 2 3 |  3.3
Spellcasting   | 3 4 5 6 7 8 |  8.2
Conjurations   | 5 7 8 9 |  9.6
Hexes          | 2 3 5 6 |  6.4
Translocations | 2 4 5 7 |  7.0
Fighting       | 2 |  2.7

Action                   |  1- 3 |  4- 6 |  7- 9 | 10-12 || total
-------------------------+-------+-------+-------+-------++-------
Melee: Hand axe          |     8 |       |       |       ||     8
       Dagger            |    46 |    41 |    20 |     1 ||   108
       Tailslap          |     4 |     1 |     3 |       ||     8
 Cast: Magic Dart        |    45 |    54 |    40 |     4 ||   143
       Searing Ray       |     4 |    25 |    59 |    35 ||   123
       Fulminant Prism   |       |       |    20 |    22 ||    42
       Iskenderun's Myst |       |       |     4 |     3 ||     7
  Use: Scroll            |       |     4 |     3 |     1 ||     8
       Potion            |       |     1 |     1 |       ||     2
 Stab: Sleeping          |     1 |       |       |       ||     1
Armor: Skin              |    13 |    17 |    31 |    18 ||    79
Dodge: Dodged            |    32 |    35 |    59 |    36 ||   162
